Cogmind - Beta 16.1 @@@ ROGUE MODE // 2026.03.21 @ 14:35:48 Player: Skrub Result: Destroyed self via exploding Nuclear Reactor Performance ------------- Evolutions (1) 500 Regions Visited (2) 400 Robots Destroyed (27) 135 Value Destroyed (656) 656 Prototype IDs (0) 0 Alien Tech Used (0) 0 Bonus (0) 0 TOTAL SCORE: 1691 Bonus ------- None Cogmind --------- Core Integrity 0/400 Matter 94/300 Energy 232/265 System Corruption 0% Temperature Cool (42) Movement Rolling (93) Location -9/Materials Parts ------- > --- POWER (1) -------- Improved Ion Engine > --- PROPULSION (3) --- Wheel Compact Wheel Compact Wheel > --- UTILITY (3) ------ Small Storage Unit ECM Suite > --- WEAPON (2) ------- Mining Laser Mining Laser > --- INVENTORY (8) ---- Improved Ion Engine Light EM Pulse Cannon Mini Grenade Launcher Peak State ------------ > --- POWER ------------ Improved Ion Engine > --- PROPULSION ------- Light Treads Light Treads > --- UTILITY ---------- Small Storage Unit ECM Suite > --- WEAPON ----------- Mini Grenade Launcher Mini Grenade Launcher > --- INVENTORY -------- Improved Ion Engine Improved Ion Engine Aluminum Leg Huge Storage Unit Sensor Array EM Pulse Gun Mini Grenade Launcher [Rating: 11] Favorites ----------- Power Improved Ion Engine Engine Improved Ion Engine Propulsion Light Treads Treads Light Treads Wheel Compact Wheel Utility Small Storage Unit Device ECM Suite Storage Small Storage Unit Weapon Mini Grenade Launcher Energy Gun EM Pulse Gun Ballistic Gun Assault Rifle Launcher Mini Grenade Launcher Special Weapon Mining Laser Special Melee Weapon Datajack Build | -11 -10 -9 ------- Run | Yrd Mat Mat Slots Evolved 2 | . . 2 Power . | . . . Propulsion 1 | . . 1 Utility 1 | . . 1 Weapon . | . . . Parts Attached 22 | 6 7 9 Power 4 | 1 2 1 Engine 4 | 1 2 1 Core . | . . . Reactor . | . . . Propulsion 5 | 2 . 3 Treads 2 | 2 . . Leg . | . . . Wheel 3 | . . 3 Hover . | . . . Flight . | . . . Utility 4 | 1 2 1 Device 3 | . 2 1 Storage 1 | 1 . . Processor . | . . . Hackware . | . . . Protection . | . . . Artifact . | . . . Weapon 9 | 2 3 4 Energy Gun 1 | 1 . . Energy Cannon . | . . . Ballistic Gun 1 | 1 . . Ballistic Cannon . | . . . Launcher 3 | . 2 1 Special Weapon 3 | . . 3 Impact Weapon . | . . . Slashing Weapon . | . . . Piercing Weapon . | . . . Special Melee Weapon 1 | . 1 . Unidentified Prototypes . | . . . Parts Lost 10 | . 2 8 Power 2 | . 1 1 Propulsion 2 | . . 2 Utility 2 | . . 2 Weapon 4 | . 1 3 Highest Loss Streak 5 | . 2 5 To Critical Strikes . | . . . Average Backups 5 | 1 6 4 Power 1 | . 2 1 Propulsion . | . . . Utility 1 | . 1 1 Weapon 1 | . 2 1 Tool/Special . | . . . Unused Backups 5 | . 2 3 Power 2 | . 1 1 Propulsion 1 | . 1 . Utility 1 | . . 1 Weapon 1 | . . 1 Tool/Special . | . . . Average Slot Usage (%) 67 | . 87 51 Engine 12 | . 13 10 Treads 17 | . 27 9 Device 7 | . 3 9 Storage 9 | . 14 6 Energy Gun 3 | . 7 . Launcher 11 | . 15 8 Special Weapon 3 | . . 5 Special Melee Weapon 1 | . 2 . Peak Build Rating 11 | 6 11 11 Average Rating 7 | 4 8 6 On Entrance 5 | . 6 10 Avg Prop Armor Cover (%) . | . . . Naked Turns . | . . . Heaviest Build 17 | 14 16 17 Greatest Support 42 | 40 40 42 Greatest Overweight (x) 4 | . . 4 Average Overweight (x) . | . . . Largest Inventory Capacity 8 | 8 8 8 Average Capacity 7 | 6 8 6 Most Carried 8 | 5 8 6 Average Carried 5 | 1 6 4 Final Capacity 8 | 8 8 8 Final Carried 6 | 1 6 3 Class Distribution -------------------- 100% | Mutant Dominant Class ---------------- Mutant | -10/Materials Mutant | -9/Materials Resources | -11 -10 -9 ----------- Run | Yrd Mat Mat Matter Collected 454 | 228 48 178 Remotely . | . . . Salvage Created 540 | 76 232 232 Parts 48 | 2 25 21 Haulers Intercepted . | . . . Recyclers Shooed . | . . . Parts Field Recycled . | . . . Retrieved Matter . | . . . Parts Self-Destructed . | . . . Prevented . | . . . Parts Restored . | . . . Kills | -11 -10 -9 ------- Run | Yrd Mat Mat Combat Hostiles Destroyed 18 | . 9 9 Guns 2 | . 1 1 Cannons 2 | . . 2 AOE 14 | . 8 6 Classes Destroyed 7 | 1 4 2 Worker 3 | . . 3 Builder 1 | . 1 . Recycler 2 | 1 . 1 Watcher 3 | . 3 . Swarmer 7 | . 3 4 Grunt 10 | . 6 4 Sentry 1 | . . 1 Best Kill Streak 8 | 1 8 5 Combat Bots Only 7 | . 7 5 Max Kills in Single Turn 6 | 1 6 5 Gunslinging . | . . . Exploded 5 | . 5 5 Melee . | . . . Uniques/NPCs Destroyed . | . . . Combat | -11 -10 -9 -------- Run | Yrd Mat Mat Hostile Shots Fired 100 | . 43 57 Missed 26 | . 8 18 Hits 74 | . 35 39 Projectile 74 | . 35 39 Damage Taken 1374 | . 476 898 Core 535 | . 127 408 Absorbed by Shields . | . . . Regen/Repaired (Parts) 117 | . 117 . Core Remaining (%) 74 | 100 49 . Volleys Fired 47 | 2 22 23 Largest 2 | 1 2 2 Hottest 200 | 40 60 200 Shots Fired 63 | 2 30 31 Gun 22 | 2 14 6 Cannon . | . . . Launcher 20 | . 16 4 Special 21 | . . 21 Kinetic . | . . . Thermal 21 | . . 21 Explosive 20 | . 16 4 Electromagnetic 22 | 2 14 6 Robot Hit Streak 6 | 2 5 6 Robot Miss Streak 3 | . 3 3 Penetration Max . | . . . Secondary Targets . | . . . Shots Hit Robots 31 | 2 11 18 Core Hits 37 | 1 20 16 Critical Kills . | . . . Critical Parts Destroyed . | . . . Critical Strikes . | . . . Melee Attacks 9 | . 9 . Impact . | . . . Slashing . | . . . Piercing . | . . . Sneak Attacks . | . . . Combat Hostiles . | . . . Follow-up Attacks . | . . . Damage Inflicted 1419 | 30 780 609 Guns 159 | 30 68 61 Cannons . | . . . Explosions 1003 | . 712 291 Melee . | . . . Ramming . | . . . Kinetic . | . . . Thermal 307 | . 50 257 Explosive 953 | . 662 291 Electromagnetic 159 | 30 68 61 Impact . | . . . Slashing . | . . . Piercing . | . . . Highest Corruption . | . . . Average Corruption . | . . . Corruption Purged . | . . . Corruption Blocked . | . . . Overload Shots . | . . . Overflow Damage 67 | . 26 41 Projectiles . | . . . Explosions 67 | . 26 41 Melee . | . . . Knockbacks . | . . . Impact . | . . . Kinetic . | . . . Secondary . | . . . Self-Inflicted Damage 569 | . 94 475 Shots 12 | . 5 7 Rammed . | . . . Targets Rammed . | . . . Kicked . | . . . Crushed . | . . . Highest Temperature 84 | . 32 84 Average Temperature 19 | . 9 26 Received Heat Transfer 360 | . 177 183 Siege Activations . | . . . Martial Activations . | . . . Shielding Activations . | . . . Robots Disrupted . | . . . Combat Hostiles . | . . . Robots Corrupted . | . . . Combat Hostiles . | . . . Parts Fried . | . . . Impact Corruptions . | . . . Robots Melted . | . . . Combat Hostiles . | . . . Parts Melted 1 | . . 1 Heat Transferred 722 | . 100 622 Parts Sabotaged . | . . . Parts Stolen . | . . . Parts Stripped . | . . . Power Chain Reactions 1 | . 1 . Alert | -11 -10 -9 ------- Run | Yrd Mat Mat Maximum Alert Level 1 | . 1 1 Low Security (%) 48 | 100 54 37 Level 1 51 | . 45 62 Level 2 . | . . . Level 3 . | . . . Level 4 . | . . . Level 5 . | . . . High Security . | . . . Max Security . | . . . Peak Influence 327 | 5 327 265 Initial 112 | . . 112 Average 149 | . 132 180 Influence Increases 869 | 5 409 455 Destroy 0b10 Robot/C 360 | . 180 180 Destroy 0b10 Robot/NC 45 | 5 20 20 Destroy Leader 66 | . 46 20 Successful Hack 68 | . 13 55 Disable Machine 180 | . 75 105 Destroy Structure 150 | . 75 75 Influence Decreases 644 | 5 142 497 Entered New Map 155 | . . 155 Time Decay 399 | 5 132 262 Lost Part 90 | . 10 80 Squads Dispatched 2 | . 2 . Investigation . | . . . Extermination . | . . . Reinforcement 2 | . 2 . Assault . | . . . Garrison . | . . . Intercept . | . . . Searches Triggered . | . . . Construction Impeded . | . . . Haulers Reinforced . | . . . Active Scanning Responses . | . . . Cargo Convoy Interrupts . | . . . Stealth | -11 -10 -9 --------- Run | Yrd Mat Mat Distress Signals 1 | . . 1 Communications Jammed . | . . . Distress Signals . | . . . Times Spotted 25 | . 11 14 Peak Tracking Total 7 | . 7 5 Tactical Retreats 3 | . . 3 ECM-based Alert Blocks 4 | . . 4 Traps | -11 -10 -9 ------- Run | Yrd Mat Mat Traps Triggered . | . . . Indirectly . | . . . Trap Hack Attempts . | . . . Triggered . | . . . Disarmed . | . . . Reprogrammed . | . . . Reused . | . . . Traps Extracted . | . . . Installed . | . . . Triggered . | . . . Machines | -11 -10 -9 ---------- Run | Yrd Mat Mat Machines Disabled 13 | . 6 7 Max in Single Turn 2 | . 2 2 Machines Repaired . | . . . Machines Dismantled . | . . . Machines Sabotaged . | . . . Overloaded Fab Kills . | . . . Hacking | -11 -10 -9 --------- Run | Yrd Mat Mat Machines Accessed 12 | . 5 7 Terminals 9 | . 4 5 Fabricators . | . . . Repair Stations 2 | . 1 1 Recycling Units . | . . . Scanalyzers 1 | . . 1 Garrison Access . | . . . Total Hacks 26 | . 11 15 Successful 17 | . 8 9 Failed 9 | . 3 6 Catastrophic . | . . . Database Lockouts . | . . . Manual 24 | . 9 15 Terminals 22 | . 9 13 Fabricators . | . . . Repair Stations 3 | . 2 1 Recycling Units . | . . . Scanalyzers 1 | . . 1 Garrison Access . | . . . Terminal Hacks . | . . . Fabricator Hacks . | . . . Repair Station Hacks 2 | . 2 . Scan Component 1 | . 1 . Repair 1 | . 1 . Recycling Unit Hacks . | . . . Scanalyzer . | . . . Garrison Access Hacks . | . . . Unauthorized Hacks 15 | . 6 9 Terminals 14 | . 6 8 Botnet 9 | . 4 5 Skim 5 | . 2 3 Fabricators . | . . . Repair Stations . | . . . Recycling Units . | . . . Scanalyzers 1 | . . 1 Researchers 1 | . . 1 Garrison Access . | . . . Data Cores Recovered . | . . . Used . | . . . Hacking Detections 8 | . 3 5 Full Trace Events . | . . . Feedback Events . | . . . Feedback Blocked . | . . . Robot Schematics Acquired . | . . . Robots Built . | . . . Authchips . | . . . Time . | . . . Total Robot Build Rating . | . . . Part Schematics Acquired . | . . . Parts Built . | . . . Authchips . | . . . Time . | . . . Total Part Build Rating . | . . . Part Studies Acquired . | . . . Parts Repaired 1 | . 1 . Time 26 | . 26 . Parts Recycled . | . . . Recycled Matter . | . . . Retrieved Matter . | . . . Retrieved Components . | . . . Parts Scanalyzed . | . . . Part Schematics Acquired . | . . . Parts Damaged . | . . . Bothacking | -11 -10 -9 ------------ Run | Yrd Mat Mat Used RIF Installer . | . . . Robots Hacked 1 | . 1 . Non-combat . | . . . Combat 1 | . 1 . Robot Hacks Applied 1 | . 1 . parse_system 1 | . 1 . Relay Couplers Released . | . . . Fabnet Peak Effective % . | . . . Robots Rewired . | . . . Allies Hacked . | . . . Hacks Repelled . | . . . Allies | -11 -10 -9 -------- Run | Yrd Mat Mat Total Allies . | . . . Largest Group . | . . . Highest-Rated Group . | . . . Highest-Rated Ally . | . . . Total Orders . | . . . Ally Attacks . | . . . Total Damage . | . . . Kills . | . . . Allies Corrupted . | . . . Allies Melted . | . . . Intel | -11 -10 -9 ------- Run | Yrd Mat Mat Active Infowar (turns) 517 | . 126 391 Sensors 221 | . 27 194 ECM 406 | . 99 307 Robot Analysis Total . | . . . Derelict Logs Recovered . | . . . Drone Launches . | . . . Drone Recoveries . | . . . Exploration | -11 -10 -9 ------------- Run | Yrd Mat Mat Turns Passed 1088 | 64 459 565 Spaces Moved 533 | 35 209 289 Core 143 | 13 . 130 Treads 374 | 22 209 143 Legs . | . . . Wheels 16 | . . 16 Hover . | . . . Flight . | . . . Fastest Speed 50 | 50 160 90 Average Speed 155 | 119 160 155 Slowest Speed 250 | 160 160 250 Overloaded Moves . | . . . Propulsion Burnouts . | . . . Robots Hopped . | . . . Potential Cave-ins . | . . . Cave-ins Triggered . | . . . Exploration Rate (%) 26 | 3 47 29 Regions Visited 2 Branch Regions . Pre-discovered Areas . | . . . Known Exits Taken . | . . . Unknown Exits Taken 2 | 1 1 . Scrap Searched . | . . . Spaces Dug . | . . . Terrain Destroyed 188 | . 85 103 Melee . | . . . Projectile 2 | . . 2 AOE 186 | . 85 101 Terrain Rammed . | . . . Walls Destroyed . | . . . Machines Disabled . | . . . Actions | -11 -10 -9 --------- Run | Yrd Mat Mat Total 691 | 55 299 337 Wait 37 | 6 31 . Move 531 | 34 208 289 Hop . | . . . Pick Up 26 | 7 13 6 Fast Attach 3 | . . 3 Attach 21 | 6 6 9 Detach 3 | . 1 2 Swap 7 | . 5 2 Drop 7 | . 4 3 Fire 47 | 2 22 23 Melee 9 | . 9 . Ram . | . . . Kick . | . . . Crush . | . . . Escape Stasis . | . . . Rewire . | . . . Trap . | . . . Miscellaneous . | . . . Route ------- -11/Scrapyard -10/Materials (discovered 2 exits: *Mat / [*Min]) -9/Materials (discovered 1 exit: [*Min]) History --------- Turn | Location | Event 10 | -11/Scrapyard | Discovered new exit (range 16) 65 | -11/Scrapyard | Entered Materials 287 | -10/Materials | Discovered new exit (range 14) 334 | -10/Materials | Destroyed 7 combat bots 337 | -10/Materials | Build established: Mutant 355 | -10/Materials | Core integrity fell below 50% 442 | -10/Materials | Discovered new exit (range 13) 494 | -10/Materials | Repaired Lgt. Treads 524 | -10/Materials | Entered another Materials area 524 | -9/Materials | Evolved 2 slots: Propulsion x1, Utility x1 811 | -9/Materials | Core integrity fell below 50% 835 | -9/Materials | Lost 5 parts (1p1n1u2w) 1081 | -9/Materials | Discovered new exit (range 15) 1089 | -9/Materials | Destroyed self via exploding Nuclear Reactor Last Messages --------------- 01008_ K-01 Serf collects debris. 01015_ U-05 Engineer builds a Wall. 01018_ K-01 Serf collects debris. 01022_ R-06 Scavenger collects Wheel. 01024_ K-01 Serf cleans the Atomic Centrifuge. 01027_ R-06 Scavenger collects Lgt. Ion Engine. 01028_ K-01 Serf collects debris. 01030_ Atomic Centrifuge disabled. 01031_ K-01 Serf collects debris. 01039_ K-01 Serf destroyed. 01044_ R-06 Scavenger collects Lgt. Ion Engine. 01048_ R-06 Scavenger collects Med. Matter Pod. 01048_ R-06 Scavenger destroyed. 01055_ Acquired 52 matter. 01061_ Acquired Com. Wheel. 01066_ Acquired Wheel. 01068_ Acquired Com. Wheel. 01081_ EXIT=FOUND 01085_ W-16 Scout sends out distress signal. 01089_ Nuclear Reactor explodes. Map ----- +----------------------------------------------------+ | ?????????????????????????????????????????????????? | | ?????????????????????????????????????????????????? | | ?????????????????????????????????????????????????? | | ?????????????????????????????????????????????????? | | ?????????????????????????????????????????????????? | | ?????????????????????????????????????????????????? | | ?????????????????????????????????????????????????? | | ?????????????????????????????????????????????????? | | ?????????????????????????????????????????????????? | | ?????????????????????????????????????????????????? | | ?????????????????????????????????????????????????? | | ?????????????????????????????????????????????????? | | ?????????????????????????????????????????????????? | | ?????????????????????????????????????????????????? | | ???????????????#?????????????????????????????????? | | ???????????????# ????????????????????????????????? | | ???????????????# ???????????????????????????????? | | ???????????????# ??????????????????????????????? | | ???????????????# w################??????????????? | | ???????????????# #??????????????? | | ???????????????# #??????????????? | | ???????????????# #??????????????? | | ???????????????? """ ###+#######?????????? | | ????????????????? """ # #?????????? | | ?????????? """ #! [ #?????????? | | ??????????< @ # #?????????? | | ?????????? # ** #?????????? | | ?????????? ##+####### #*!"" """ #?????????? | | ????#########??????????####### "" """ #?????????? | | ????# ???????????????## """ """ #?????????? | | ????? ????????????????# #?????????? | | ?????? ????????????????##+##########???????? | | ??????? ??????????????????# #?????? ????????? | | ??????? ??????????????????# #????? ????????? | | ???????? ??????????????????# #????? ?????????? | | ????????? ????????????####### #???? ??????????? | | ????????##+##???????????# # #####+###????????? | | ######### #############"S # #????????? | | # # #""" # #????????? | | "" """ + + """ """ # "" + #????????? | | """"""" # # """ """ # # #????????? | | """"" # # """ """ # # #????????? | | # # # ! # #????????? | | ## ### # ##### # #????????? | | # # # # #???### !! #????????? | | ###+#########?????# !| #????????? | | ### #########?????# #????????? | | # #?????# ### #????? | | # # ! #?????# "T" +????? | | + #?????# """ #????? | +----------------------------------------------------+ Best States ------------- Heat Dissipation 28 Energy Generation 12 Energy Capacity 265 Matter Stores 271 Matter Capacity 300 Sight Range 16 Robot Scan Range 14 Terrain Scan Density 10 ECM Strength 1 Evasion (%) 50 Recoil Reduction 2 Item Schematics ----------------- None Robot Schematics ------------------ None Fabricated ------------ Nothing Repaired ---------- Lgt. Treads | 16% | -10/Materials Studied --------- None Alien Tech Used ----------------- None Achievements -------------- Quick And Dirty Challenges ------------ None Game ------ Seed LightpackSixDoomcannon Manual? 0 Play Time 00:26:37 Cumulative 14.3 hours Start 2026.03.21 @ 13:56:22 End 2026.03.21 @ 14:35:48 Sessions 1 Manual Loads 0 Difficulty Rogue Special Mode None Game No. 21 Rogue 21 Adventurer 0 Explorer 0 Win Type - Total 0 Types 0/0/0/0/0/0/0/0/0/0 Lore% 8 Gallery% 15 Achievement% 13 Wizard Run 0 Options --------- Layout 1 ASCII 0 Keyboard 0 Movement Mouse Keybinds 0 Fullscreen 1 Font 48/Smallcaps Map View 50x35 Zoom Use 0% Tactical HUD 1 Map Filters NONE Filters NONE Steam 1 RUN: c3f74b0b-e07e-4e24-a950-d82f44992856